AoeStats
← Overcome8853

Black Forest

509703464Analyzed
3v3 RM · 3d ago on Sep 27, 2026· 46m 57s· 6 players
Game mode
Random Map
Map size
Normal (6 player)
Population
200
Speed
Normal
Resources
Standard
Victory
Conquest
Starting age
Dark Age
Ending age
Imperial Age
RankedLock teamsTeams togetherTeam positionsShared explorationLock speedFull tech treeHidden civsTurbo modeCheats
Victory
Defeat
🇩🇪 Britons · Germany
837
+14
🇺🇸 Teutons · United States
818
+15
🇵🇱 Khmer · Poland
804
+15
🇭🇺 Teutons · Hungary
889
-47
🇭🇺 Persians · Hungary
752
-13
🇭🇺 Celts · Hungary
721
-12
Angelique
0:39 Loom
10:27 Feudal Age
11:03 Horse Collar
13:17 Double-Bit Axe
19:47 Castle Age
22:08 Heavy Plow
25:40 Bow Saw
31:27 Imperial Age
32:26 Ballistics
31:32 Elite Ballista Elephant
32:33 Conscription
35:37 Double Crossbow
36:15 Guard Tower
37:25 Chemistry
36:32 Siege Engineers
38:32 Wheelbarrow
38:31 Crop Rotation
41:45 Hand Cart
42:40 Caravan
44:01 Scale Barding Armor
Fred
11:31 Feudal Age
20:02 Castle Age
25:37 Ballistics
33:02 Imperial Age
30:41 Fletching
33:48 Bodkin Arrow
34:57 Chemistry
33:59 Double-Bit Axe
34:58 Bracer
36:28 Padded Archer Armor
37:05 Wheelbarrow
36:22 Gold Mining
36:45 Bow Saw
36:19 Horse Collar
37:50 Yeomen
38:25 Gold Shaft Mining
37:53 Heavy Plow
41:18 Hand Cart
41:31 Elite Longbowman
41:36 Pikeman
42:16 Squires
42:34 Leather Archer Armor
42:19 Scale Mail Armor
42:31 Forging
42:14 Halberdier
44:12 Two-Man Saw
43:42 Conscription
44:38 Chain Mail Armor
46:35 Iron Casting
46:31 Plate Mail Armor
peppermintmonk
3:20 Loom
17:48 Feudal Age
17:53 Man-at-Arms
21:15 Double-Bit Axe
23:21 Wheelbarrow
24:07 Town Watch
24:39 Fletching
25:01 Forging
24:52 Scale Mail Armor
28:18 Castle Age
26:30 Town Watch
26:32 Horse Collar
29:46 Iron Casting
30:13 Long Swordsman
30:55 Squires
34:23 Arson
34:47 Town Patrol
36:30 Bodkin Arrow
39:35 Ironclad
40:09 Caravan
41:28 Chain Mail Armor
41:37 Heavy Plow
41:49 Bow Saw
42:40 Hand Cart
45:47 Imperial Age
44:04 Gold Mining
Overcome8853
12:58 Feudal Age
17:35 Man-at-Arms
19:00 Horse Collar
25:12 Castle Age
28:37 Scale Mail Armor
30:15 Long Swordsman
30:42 Gambesons
31:05 Squires
30:26 Pikeman
37:17 Heated Shot
37:40 Fortified Wall
37:21 Guard Tower
37:49 Chain Mail Armor
37:45 Forging
37:36 Padded Archer Armor
Scrap
0:27 Loom
20:52 Feudal Age
22:37 Wheelbarrow
23:47 Horse Collar
29:34 Castle Age
31:12 Hand Cart
31:36 Double-Bit Axe
31:53 Heavy Plow
33:16 Coinage
32:47 Caravan
34:13 Bow Saw
37:59 Imperial Age
35:16 Town Watch
36:03 Husbandry
36:15 Scale Barding Armor
36:21 Forging
42:01 Banking
41:41 Guilds
41:15 Cavalier
42:38 Savar
44:33 Chain Barding Armor
Pufci2011
0:36 Loom
16:20 Feudal Age
19:55 Horse Collar
20:07 Double-Bit Axe
20:17 Gold Mining
20:18 Stone Mining
24:10 Castle Age
28:15 Bow Saw
28:12 Heavy Plow
31:38 Imperial Age
30:45 Gold Shaft Mining
30:45 Stone Shaft Mining
33:32 Furor Celtica
36:00 Chemistry
36:24 Heavy Scorpion
42:50 Caravan
43:21 Coinage
42:38 Cavalier
42:39 Light Cavalry
43:20 Husbandry
Connection lost

Rejoining the realm…

Still unreachable

The connection could not be restored.

Session expired

The server has moved on; the page needs a fresh start.